 Dungeon Crawl Stone Soup version 0.32-a0-711-g016ad743e0 (webtiles) character file.

Game seed: 16275811453239989431

437 cforsyth the Chopper (level 6, -3/53 HPs)
             Began as a Mountain Dwarf Cinder Acolyte on Mar 16, 2024.
             Was a High Priest of Ignis.
             Slain by Edmund
             ... wielding a +2 heavy flail
              (13 damage)
             ... on level 4 of the Dungeon.
             The game lasted 00:05:13 (2811 turns).

cforsyth the Chopper (MDCA)                         Turns: 2811, Time: 00:05:14

Health: -3/53      AC:  9    Str: 16    XL:     6   Next: 69%
Magic:  2/9        EV:  6    Int: 17    God:    Ignis [*****.]
Gold:   222        SH:  5    Dex:  5    Spells: 8/10 levels left

rFire   + . .        f - +0 hand cannon (drain)
rCold   . . .        (no shield)
rNeg    . . .        n - +0 chain mail
rPois   .            (no helmet)
rElec   .            (no cloak)
rCorr   .            (no gloves)
SInv    .            (no boots)
Will    .....        x - amulet of reflection Stlth
                     (no ring)
HPRegen 0.28/turn    (no ring)
MPRegen 0.11/turn

%: reflection
@: very slightly contaminated
A: runic magic, artefact enchanting
a: Renounce Religion, Fiery Armour, Foxfire Swarm, Rising Flame


You were on level 4 of the Dungeon.
You worshipped Ignis.
Ignis was extremely pleased with you.
You visited 1 branch of the dungeon, and saw 5 of its levels.

You collected 222 gold pieces.


Innate Abilities, Weirdness & Mutations

Your spellcasting is much less encumbered by armour.
You can use scrolls of enchantment on lesser artefacts.


   Skills:
 + Level 4.7 Fighting
 + Level 5.2 Axes
 + Level 3.2 Armour
 + Level 2.6 Spellcasting
 + Level 5.1 Fire Magic


You had 8 spell levels left.
You knew the following spells:

 Your Spells              Type           Power      Damage    Failure   Level
X - Scorch                Fire           38%        2d6       6%          2

Your spell library contained the following spells:

 Spells                   Type           Power      Damage    Failure   Level
 Blink                    Tloc           4%         N/A       45%         2
 Lesser Beckoning         Tloc           4%         N/A       45%         2
 Momentum Strike          Conj/Tloc      4%         3d8       45%         2

Inventory:

Hand Weapons
 a - a -1 hand axe of flaming
 f - a +0 hand cannon of draining (weapon)
Armour
 b - a +0 robe
 g - a +2 leather armour of fire resistance
 l - a scarf of resistance
 n - a +0 chain mail (worn)
 t - a +0 pair of boots
Magical Staves
 v - a staff of earth {!a}
Jewellery
 x - an amulet of reflection (around neck)
Wands
 p - a wand of polymorph (17)
 u - a wand of flame (21)
Scrolls
 d - 3 scrolls of teleportation {unknown}
 h - 4 scrolls of identify {unknown}
 j - a scroll of immolation {unknown}
 r - 2 scrolls of enchant armour {unknown}
 s - 2 scrolls of noise {unknown}
 y - a scroll of revelation {unknown}
Potions
 c - 6 potions of curing {unknown}
 e - a potion of brilliance {unknown}
 i - 2 potions of heal wounds {unknown}
 k - a potion of mutation {unknown}
 m - a potion of haste {unknown}
 o - a potion of degeneration {unknown}
 q - 2 potions of magic {unknown}
 w - a potion of attraction {unknown}
 z - a potion of cancellation {unknown}

Dungeon Overview and Level Annotations

Branches:
Dungeon (5/15)
 Temple: D:4-7

Altars:

Annotations:
D:4 Edmund

.......###.# #...#
##.........# #...#
.....#.##### #...# ##..)#.#
#...# ##...#.# ##.##
.......# #.# ####.###
#####.####
####.#######........########
#....##......#..@..........#
#######.####...☼@...######.#
#.# #.........# #.# #.#
#........## #.# #.#
#.#.....## ###.#### #.#
#......## #......# #.##
##....... #.#.##.# #..#
#....... ##.#.##.# ##.#
#...?... #....##.#


You could see Edmund (very drained).


Message History

You are very lightly contaminated with residual magic.
Nothing appears to happen.
Edmund hits you with a +2 heavy flail!
* * * LOW HITPOINT WARNING * * *
You are too injured to fight recklessly!
You are too injured to fight recklessly!
You are too injured to fight recklessly!
You are too injured to fight recklessly!
Unknown command.
Casting: Scorch (safe; 6% risk of failure)
Confirm with . or Enter, or press ? or * to list all spells.
Flames lash Edmund but do no damage.
Casting: Scorch (safe; 6% risk of failure)
Confirm with . or Enter, or press ? or * to list all spells.
You miscast Scorch.
Nothing appears to happen.
You block Edmund's attack.
You are too injured to fight recklessly!
Unknown command.
You don't have enough magic to cast this spell.
Unknown command.
You don't have enough magic to cast this spell.
Fire: f) +0 hand cannon (drain)
Press: ? - help, Shift-Dir - straight line, f - Edmund
Aim: Edmund, wielding a +2 heavy flail, wearing a +0 chain mail and carrying a wand of flame (moderately wounded, lightly drained, 62% to hit)
You shoot a slug. The slug hits Edmund!
You drain Edmund.
Edmund is severely wounded.
Edmund hits you with a +2 heavy flail!
* * * LOW HITPOINT WARNING * * *
Edmund hits you with a +2 heavy flail!
You die...
Edmund says, "That'll show my brother!"
Ignis goes out, and joins you in death.

Skill      XL: |  1  2  3  4  5  6 |
---------------+-------------------+-----
Armour         | 1 2 3 |  3.2
Axes           | 4 5 |  5.2
Fire Magic     | 4 5 |  5.1
Fighting       | 4 |  4.7
Spellcasting   | 2 |  2.6

Action                     |  1- 3 |  4- 6 || total
---------------------------+-------+-------++-------
  Melee: Hand axe          |    17 |       ||    17
   Fire: Hand cannon       |    73 |    57 ||   130
   Cast: Scorch            |     4 |    11 ||    15
 Armour: Robe              |    10 |       ||    10
         Leather armour    |    45 |       ||    45
         Skin              |     8 |       ||     8
         Chain mail        |     3 |    59 ||    62
  Dodge: Dodged            |    32 |    30 ||    62
  Block: Other             |       |     2 ||     2

Levels and vault maps discovered:
D:1:      dpeg_arrival_triangle_fractal, layout_loops_cross,
          ebering_ecumenical_altar_hall
D:2:      layout_rooms
D:3:      layout_basic, serial_bayou_pond_d, uniq_grinder
D:4:      layout_loops_cross, okawaru_altar_gauntlet_db, nrook_uturn,
          minivault_1, uniq_edmund
D:5:      layout_basic, mainiacjoe_overflow_paths

Notes
Turn   | Place    | Note
-------+----------+-------------------------------------------
     0 | D:1      | cforsyth the Mountain Dwarf Cinder Acolyte began the quest
                  | for the Orb.
     0 | D:1      | Reached XP level 1. HP: 19/19 MP: 2/2
   259 | D:1      | Reached XP level 2. HP: 25/26 MP: 3/3
   284 | D:1      | Learned a level 2 spell: Scorch
   625 | D:1      | Found a faded altar of an unknown god.
   876 | D:2      | Reached skill level 1 in Armour
   962 | D:2      | Reached skill level 4 in Axes
   962 | D:2      | Reached skill level 4 in Fire Magic
   962 | D:2      | Reached XP level 3. HP: 31/31 MP: 1/5
  1006 | D:2      | Identified a scarf of resistance
  1255 | D:3      | Noticed Grinder
  1255 | D:3      | Paralysed by Grinder for 5 turns
  1328 | D:3      | Paralysed by Grinder for 3 turns
  1335 | D:3      | Killed Grinder
  1336 | D:3      | Reached skill level 4 in Fighting
  1336 | D:3      | Reached skill level 2 in Armour
  1336 | D:3      | Reached skill level 2 in Spellcasting
  1336 | D:3      | Reached XP level 4. HP: 41/41 MP: 5/7
  1336 | D:3      | Reached XP level 5. HP: 47/47 MP: 5/8
  2121 | D:4      | You fall into a shaft and drop 1 floor!
  2121 | D:5      | Entered Level 5 of the Dungeon
  2183 | D:5      | Reached XP level 6. HP: 25/53 MP: 9/9
  2349 | D:5      | Noticed an ice beast
  2360 | D:5      | Killed an ice beast
  2361 | D:5      | Reached skill level 5 in Axes
  2361 | D:5      | Reached skill level 3 in Armour
  2361 | D:5      | Reached skill level 5 in Fire Magic
  2798 | D:4      | Noticed Edmund
  2811 | D:4      | Slain by Edmund

Vanquished Creatures
  Grinder (D:3)
  An ice beast (D:5)
  2 orc priests (D:5)
  An iguana (D:4)
  An adder (D:2)
  A white imp (D:5)
  A ribbon worm (D:4)
  3 dart slugs
  5 orcs
  5 endoplasms
  A giant cockroach (D:3)
  4 goblins
  3 hobgoblins
  4 jackals (D:5)
  4 quokkas
  2 ball pythons (D:2)
  5 bats
  4 frilled lizards
  4 kobolds
  2 rats
54 creatures vanquished.

Table legend: (Time is in decaauts)
 A = Elapsed time spent in this place.
 B = Non-inter-level travel time spent in this place.
 C = Inter-level travel time spent in this place.
 D = Time resting spent in this place.
 E = Time spent auto-exploring this place.
 F = Levels seen in this place.
 G = Mean time per level.
                   A        B        C        D        E       F      G
               +--------+--------+--------+--------+--------+-----+--------+
         Total |   2955 |   2872 |     83 |     37 |   2202 |   5 |  591.0 |
       Dungeon |   2955 |   2872 |     83 |     37 |   2202 |   5 |  591.0 |
               +--------+--------+--------+--------+--------+-----+--------+

Top non-repeatable levels by time:
     D:1: 897 daAuts
     D:3: 880 daAuts
     D:4: 450 daAuts
     D:2: 425 daAuts
     D:5: 301 daAuts

Table legend:
 A = Non-vault XP
 B = Vault XP
 C = Vault XP percentage of total XP
 D = Non-vault monster count
 E = Vault monster count
 F = Vault count percentage of total count
                 A         B        C        D         E       F
            +---------+---------+-------+---------+---------+-------
      Total |     363 |     262 |  41.9 |      53 |       1 |   1.9
            +---------+---------+-------+---------+---------+-------
        D:1 |      29 |       0 |   0.0 |      16 |       0 |   0.0
        D:2 |      32 |       0 |   0.0 |      13 |       0 |   0.0
        D:3 |      14 |     262 |  94.9 |       7 |       1 |  12.5
        D:4 |      58 |       0 |   0.0 |       8 |       0 |   0.0
        D:5 |     230 |       0 |   0.0 |       9 |       0 |   0.0
            +---------+---------+-------+---------+---------+-------
